[Event "1000GM Memorial Day NY IM-B 2023"]
[Site "New York"]
[Date "2023.05.26"]
[Round "2.3"]
[White "Pang, Qi"]
[Black "Bisiriyu-Salam, Oluwaseun"]
[Result "1/2-1/2"]
[ECO "E01"]
[WhiteElo "2165"]
[BlackElo "2011"]
[Annotator "TA"]
[PlyCount "48"]
[EventDate "2023.05.23"]
[EventType "schev"]
[EventCountry "USA"]
[SourceTitle "playchess.com"]
[Source "ChessBase"]
[SourceQuality "1"]
[TimeControl "5400+30"]

1. Nf3 d5 2. d4 Nf6 3. g3 c5 4. Bg2 Nc6 5. O-O e6 6. c4 cxd4 7. Nxd4 Bc5 8. Nb3 Be7 {[%emt 0:00:20] 8...Bb6 might become the main line.} 9. Nc3 {[%emt 0:01:16][%cal Rc4d5] E01: Catalan: Early deviations.} dxc4 {[%emt 0:01:58] [#] Hoping for ...Qxd1.} 10. Nd2 Nd5 (10... Ne5 $11) 11. Nxc4 $14 {[%emt 0:01:30][%cal Rc3d5] White is slightly better.} Nxc3 12. Qxd8+ (12. bxc3 $14 O-O 13. Bf4) 12... Nxd8 $11 13. bxc3 Bd7 $1 {[%emt 0:00:29] [#]} 14. Rb1 $146 ({Predecessor:} 14. Na5 Rc8 15. Nxb7 Nxb7 16. Bxb7 Rxc3 17. Bb2 Rc7 18. Ba6 f6 19. Rac1 Rxc1 20. Rxc1 Bd6 21. Bd4 Ke7 22. f4 Rb8 23. Bd3 h6 24. Bxa7 {½-½ Rajkovic,D (2465)-Elyoseph,H (2320) Haringey London 1989}) 14... Rc8 15. Ne5 {[%emt 0:00:47] aiming for Nxd7.} b6 16. Nxd7 Kxd7 17. Rd1+ Ke8 18. a4 Nc6 {[%emt 0:08:15] The position is equal.} 19. Bxc6+ Rxc6 20. Bf4 g5 21. Bb8 Bc5 22. Be5 (22. Bxa7 $5 Ke7 $8 23. a5 bxa5 24. Bxc5+ Rxc5 25. Rb7+ Kf6 26. Rdd7 $11) 22... Rg8 23. Bf6 {[%emt 0:02:04][%csl Gf6][%cal Rd1d8] [#]} Be7 {[%emt 0:00:35] Prevents Rd8+.} 24. Bd4 Bc5 {[%emt 0:04:50] Weighted Error Value: White=0.13 (very precise) /Black=0.11 (very precise)} 1/2-1/2

[Event "1000GM Memorial Day NY IM-B 2023"]
[Site "New York"]
[Date "2023.05.26"]
[Round "2.4"]
[White "Barbosa, Oliver"]
[Black "Hebbar, Eshaan"]
[Result "1-0"]
[ECO "D12"]
[WhiteElo "2492"]
[BlackElo "1969"]
[Annotator "TA"]
[PlyCount "69"]
[EventDate "2023.05.23"]
[EventType "schev"]
[EventCountry "USA"]
[SourceTitle "playchess.com"]
[Source "ChessBase"]
[SourceQuality "1"]
[TimeControl "5400+30"]

1. Nf3 d5 2. d4 Nf6 3. c4 c6 4. e3 Bf5 5. Nc3 e6 6. Nh4 Bg4 7. Qb3 Qc7 8. h3 {[%emt 0:00:30] D12: Slav Defence: 3 Nf3 Nf6 4 e3 Bf5.} Bh5 9. Bd2 Nbd7 10. Rc1 {[%emt 0:00:30] Strongly threatening cxd5. White is slightly better.} Qb6 {[%emt 0:00:30] [#]} 11. Qc2 $146 ({Predecessor:} 11. g4 Bg6 12. Nxg6 hxg6 13. Bg2 Qa6 14. Bf1 dxc4 15. Bxc4 Qb6 16. Ke2 Be7 17. a3 {1-0 Donchenko,A (2411)-Pak,A (2129) Wch U14 Maribor 2012 (10.9)}) 11... g5 12. Nf3 Bg6 13. Bd3 Bxd3 14. Qxd3 h6 15. cxd5 exd5 (15... cxd5 $14 16. Na4 Qd8) 16. Qf5 Qxb2 $2 (16... Bb4 $16) 17. e4 (17. Rb1 $6 Qa3 $16) 17... Bb4 {[%emt 0:00:30] And now ...Bxc3 would win.} 18. O-O Bxc3 19. Bxc3 Qa3 20. exd5 (20. Nd2 $18) 20... Nxd5 $16 21. Rfe1+ Kd8 22. Ne5 (22. Bd2 $16) 22... Nxe5 $11 23. Qxe5 f6 $1 24. Qe6 Nxc3 25. d5 (25. Qxf6+ $15 Kc7 26. Qe5+ Kb6 27. Qc5+ Qxc5 28. dxc5+ Kc7 29. Rxc3) 25... Kc7 $2 (25... cxd5 $2 26. Qxf6+ Kd7 27. Rxc3 $18 (27. Qxc3 Qxc3 28. Rxc3 Rac8 $17)) (25... Nxd5 $17 {...Qe7 is the strong threat.} 26. Red1 Qe7 27. Rxc6 Qxe6 {[%mdl 64] Remove Defender} 28. Rxe6 Kd7) 26. dxc6 (26. Qxf6 Rhe8 27. d6+ Qxd6 28. Qg7+ (28. Qxc3 Rad8 $17) 28... Qd7 29. Qxc3 Rxe1+ 30. Rxe1 Rd8 $17) 26... bxc6 {[%emt 0:00:30] [#] Hoping for ...Rhe8.} 27. Rc2 ({White should try} 27. Qf7+ $1 $16 Kb6 28. Rb1+ Nb5 29. Rxb5+ {[%mdl 64] Deflection} Kxb5 30. Qb7+ Ka5 31. Qc7+ Kb4 32. Rb1+ Kc3 33. Qxc6+ Kd2 34. Qd5+ Qd3 35. Rd1+ {[%mdl 64] Skewer, Deflection} Kxd1 36. Qxd3+ Kc1 37. a4) 27... Rhd8 {[%emt 0:00:30] [#]} (27... Rhf8 $1 $11 {keeps the balance.} 28. Qc4 Rae8) 28. Qc4 $1 $40 {[%emt 0:00:30][%mdl 128] White wants a kill.} ({Not} 28. Qxf6 Rd3 $11) 28... Qa5 (28... Rd5 $16) 29. Rxc3 Qd5 30. Qa6 (30. Re7+ Kd6 31. Qe2) 30... Rd7 $2 (30... Rab8 31. Qxa7+ Rb7) 31. Rec1 $18 {[%emt 0:00:30][%cal Rc3c6] White is clearly winning.} Rd6 32. Rb3 {[%emt 0:00:30] Qb7+ would kill now.} c5 33. Qa5+ Kd7 34. Rxc5 Qe4 (34... Qd1+ $142 35. Kh2 Ke8 36. Qa4+ Rd7 37. Qe4+ Kf7 38. Qh7+ (38. Qxa8 Qd6+ 39. g3 Qxc5 $11) 38... Kf8 39. Qxh6+ Kg8) 35. Qc7+ {[%emt 0:00:30] Weighted Error Value: White=0.54/Black=0.37} 1-0

[Event "1000GM Memorial Day NY IM-B 2023"]
[Site "New York"]
[Date "2023.05.26"]
[Round "2.5"]
[White "Nakada, Akira"]
[Black "Nagy, Gabor"]
[Result "1/2-1/2"]
[ECO "A17"]
[WhiteElo "2321"]
[BlackElo "2468"]
[Annotator "TA"]
[PlyCount "61"]
[EventDate "2023.05.23"]
[EventType "schev"]
[EventCountry "USA"]
[SourceTitle "playchess.com"]
[Source "ChessBase"]
[SourceQuality "1"]
[TimeControl "5400+30"]

1. c4 e6 2. Nc3 d5 3. e3 Nf6 4. Nf3 Bd6 5. b3 O-O 6. Bb2 {[%emt 0:00:30] A17: English Opening: 1...Nf6 with ...Bb4.} Re8 7. d4 b6 8. Bd3 Bb7 9. O-O a6 10. Qc2 Nbd7 11. Rfd1 (11. e4 $5 ) 11... Qe7 12. e4 {[%emt 0:00:30] [#]} dxe4 $146 ({Predecessor:} 12... dxc4 13. bxc4 e5 14. Nd5 Nxd5 15. cxd5 exd4 16. Nxd4 Be5 17. Rac1 Qf6 18. Bf1 Nc5 {1-0 Pardo Simon,D (2468)-Lopez Martinez,J (2540) Badalona op 41st 2015 (9)}) 13. Nxe4 Ba3 14. Bxa3 Qxa3 15. Ne5 Bxe4 16. Nxd7 Bg6 17. Nxf6+ gxf6 18. Qd2 Rad8 19. Bxg6 ({Better is} 19. Be2 $14) 19... hxg6 $11 20. Qf4 Qe7 21. Re1 Qd6 22. Qxf6 {[%emt 0:00:30] The position is equal.} Qxd4 23. Qf3 a5 24. Rad1 Qb2 25. h4 Qxa2 26. h5 Rxd1 27. Rxd1 Qc2 28. hxg6 fxg6 ({Resist} 28... Qxg6 29. Qc6 Kf8 30. Qxc7 $14) 29. Rd7 {[%emt 0:00:30] [#] Qf7+ would kill now.} Qc1+ 30. Rd1 Qc2 {[%emt 0:00:30] White must now prevent ...Rf8.} 31. Rd7 {[%emt 0:00:30] Weighted Error Value: White=0.06 (flawless) /Black=0.04 (flawless)} 1/2-1/2

[Event "1000GM Memorial Day NY IM-B 2023"]
[Site "New York"]
[Date "2023.05.26"]
[Round "2.6"]
[White "Bortnyk, Mykola"]
[Black "Espinosa, Pedro"]
[Result "1-0"]
[ECO "D12"]
[WhiteElo "2425"]
[BlackElo "2229"]
[Annotator "TA"]
[PlyCount "69"]
[EventDate "2023.05.23"]
[EventType "schev"]
[EventCountry "USA"]
[SourceTitle "playchess.com"]
[Source "ChessBase"]
[SourceQuality "1"]
[TimeControl "5400+30"]

1. Nf3 d5 2. d4 Nf6 3. c4 c6 4. e3 Bf5 5. Nc3 e6 6. Nh4 Bg4 7. Qb3 Qc7 8. h3 {[%emt 0:00:33] D12: Slav Defence: 3 Nf3 Nf6 4 e3 Bf5.} Bh5 9. Bd2 Nbd7 10. Rc1 {[%emt 0:08:42] aiming for cxd5. White is slightly better.} Qb6 {[%emt 0:01:53] [#]} 11. Qc2 $146 ({Predecessor:} 11. g4 Bg6 12. Nxg6 hxg6 13. Bg2 Qa6 14. Bf1 dxc4 15. Bxc4 Qb6 16. Ke2 Be7 17. a3 {1-0 Donchenko,A (2411)-Pak,A (2129) Wch U14 Maribor 2012 (10.9)}) 11... g5 12. Nf3 Bg6 13. Bd3 Bxd3 14. Qxd3 h6 15. cxd5 exd5 (15... cxd5 $14 16. Na4 Qd8) 16. Qf5 Qxb2 (16... Bg7 $16) 17. e4 (17. Rb1 $6 Qa3 $16) 17... Bb4 {[%emt 0:06:12] [#] Strongly threatening ...Bxc3.} 18. O-O Bxc3 19. Bxc3 Qa3 20. exd5 (20. Ne5 $18 Qd6 21. Rce1) 20... Nxd5 $16 21. Rfe1+ Kd8 22. Ne5 (22. Rb1 $16 Qxc3 23. Ne5 (23. Rb3 Qc4 $11)) 22... Nxe5 $11 23. Qxe5 (23. dxe5 $5 Nxc3 24. Qd3+ (24. Qxf7 Qe7 $11) 24... Kc7 25. Rxc3 $11) 23... f6 $1 24. Qe6 (24. Ba5+ $11 Qxa5 25. Qd6+ Kc8 26. Rxc6+ bxc6 27. Qxc6+ Kb8 28. Rb1+ Qb6 29. Rxb6+ Nxb6 30. Qxf6) 24... Nxc3 $15 25. d5 (25. Qxf6+ $15 Kc7 26. Qe5+ Kb6 27. Qc5+ Qxc5 28. dxc5+ Kc7 29. Rxc3) 25... Kc7 $2 (25... cxd5 $2 26. Qxf6+ Kd7 27. Rxc3 $18 (27. Qxc3 Qxc3 28. Rxc3 Rac8 $17)) ({Black should try} 25... Nxd5 $17 {And now ...Qe7 would win.} 26. Red1 Qe7 27. Rxc6 Qxe6 {[%mdl 64] Remove Defender} 28. Rxe6 Kd7) 26. dxc6 (26. Qxf6 Rhe8 27. d6+ Qxd6 28. Qg7+ (28. Qxc3 Rad8 $17) 28... Qd7 29. Qxc3 Rxe1+ 30. Qxe1 Re8 31. Qa5+ Kb8 $17) 26... bxc6 {[%emt 0:00:02] Threatens to win with ...Rae8.} 27. Rc2 (27. Qf7+ $1 $14 Kb6 28. Rb1+ Nb5 29. Rxb5+ {[%mdl 64] Deflection} Kxb5 30. Qb7+ Ka5 31. Qc7+ Kb4 32. Rb1+ Kc3 33. Qxc6+ Kd2 34. Qd5+ Qd3 35. Rd1+ {[%mdl 64] Deflection} Kxd1 36. Qxd3+ Kc1 37. Qc3+ Kb1 38. Qxf6) 27... Rhd8 {[%emt 0:00:50] [#]} (27... Rhf8 $1 $11 28. Qc4 Rae8) 28. Qc4 $1 $16 (28. Qxf6 $6 Rd3 $11) 28... Qa5 29. Rxc3 Qd5 30. Qa6 (30. Re7+ Kd6 31. Qe2) 30... Rd7 $2 (30... Rab8 31. Qxa7+ Rb7) 31. Rec1 $18 {[%emt 0:00:40][%cal Rc3c6] White is clearly winning.} Rd6 32. Rb3 {[%emt 0:01:10] Qb7+ would be deadly.} c5 33. Qa5+ Kd7 34. Rxc5 Qe4 (34... Qd1+ $142 35. Kh2 Ke8 36. Qa4+ Rd7 37. Qe4+ Kf7 38. Qh7+ (38. Qxa8 Qd6+ 39. g3 Qxc5 $11) 38... Kf8 39. Qh8+ Kf7 40. Qh7+ (40. Qxa8 Qd6+ 41. g3 Qxc5 $11) 40... Kf8 41. Qh8+ Kf7 42. Qh7+ (42. Qxa8 Qd6+ 43. g3 Qxc5 $11)) 35. Qc7+ {[%emt 0:00:10] Weighted Error Value: White=0.51/Black=0.35} 1-0

[Event "1000GM Memorial Day NY IM-B 2023"]
[Site "New York"]
[Date "2023.05.27"]
[Round "3.1"]
[White "Hebbar, Eshaan"]
[Black "Lee, Alice"]
[Result "0-1"]
[ECO "E14"]
[WhiteElo "1969"]
[BlackElo "2391"]
[Annotator "TA"]
[PlyCount "82"]
[EventDate "2023.05.23"]
[EventType "schev"]
[EventCountry "USA"]
[SourceTitle "playchess.com"]
[Source "ChessBase"]
[SourceQuality "1"]
[TimeControl "5400+30"]

1. d4 d5 2. c4 c6 3. Nc3 Nf6 4. e3 e6 5. Nf3 Nbd7 6. Qc2 b6 7. cxd5 exd5 8. Bd3 Bb7 9. O-O Be7 10. e4 dxe4 11. Nxe4 O-O 12. Ne5 {[%emt 0:03:35] E14: Queen's Indian: Classical Variation (4 e3).} Nxe5 13. dxe5 Nd5 {[%emt 0:01:43] aiming for ...Nb4.} 14. Qe2 (14. Bd2 $14) 14... Nb4 15. Bc4 b5 16. Bb3 c5 17. Rd1 {[%emt 0:01:08] Prevents c4.} Qc7 (17... Qc8 {simplifies} 18. a3 c4 19. axb4 Bxe4 20. Qxe4 cxb3 21. Be3 Qc2) 18. e6 c4 $2 (18... fxe6 $11 19. Bxe6+ Kh8) 19. Rd7 $18 Qc6 {[%emt 0:00:45] ...Rae8 is the strong threat.} 20. Rxe7 {[%emt 0:03:30] [#]} cxb3 $146 {[%emt 0:00:35] Black is weak on the dark squares} ({Predecessor:} 20... f5 21. Rxb7 Qxb7 22. Nd6 Qe7 23. Nxc4 bxc4 24. Bxc4 Rac8 25. Bg5 Qc5 26. b3 Kh8 27. e7 Rfe8 28. Bf7 h6 29. Bxe8 Nc6 30. Bxc6 {1-0 Giacomini,H (2212)-Lo Presti,R (1987) Buenos Aires Szmetan Giardelli op 2018 (8)}) 21. exf7+ $2 (21. Qg4 $18 {[%cal Oc1h6] Strongly threatening Bh6!} Kh8 22. Ng5 (22. exf7 $2 Nc2 $19 {[%mdl 64] Deflection})) 21... Rxf7 $11 22. Rxf7 Qxe4 $40 {[%emt 0:00:55][%mdl 128] Black is up to no good.} (22... Kxf7 $5 23. Qf3+ $8 Ke8 24. Qh5+ Kf8 25. Qf3+ Ke8 26. Qh5+ Kf8 27. Qf3+ Ke8 $11) 23. Qxe4 (23. Qxb5 $2 Qxg2#) 23... Bxe4 24. Rc7 (24. Re7 $11 Nc2 25. Rxe4) 24... Nc2 $17 (24... Nxa2 $2 25. Be3 $18) ({Much worse is} 24... bxa2 $6 25. Bd2 a5 26. Rc5 $11) 25. Rxc2 bxc2 {[%emt 0:00:07][%mdl 4096] Endgame KRB-KRB} ({Reject} 25... Bxc2 $6 26. axb3 Bxb3 27. Bd2 $11) 26. f3 Bg6 {[%emt 0:02:11] Black is more active.} 27. Kf2 {[%emt 0:01:39] [#]} (27. Bf4 $17) 27... Rd8 $1 $19 28. Be3 Rd1 29. Rc1 a5 30. h4 Kf7 31. h5 Bd3 ({Less strong is} 31... Bxh5 32. Rxc2 Ke6 33. Rc7 $14) 32. Kg3 Ke6 33. Kf4 a4 34. b3 $2 (34. Kg3) 34... a3 35. g3 b4 {[%emt 0:00:26] And now ...Kd6 would win.} 36. g4 Rxc1 37. Bxc1 {[%emt 0:00:09] [#]} Bc4 $1 {[%emt 0:00:37][%mdl 576] Promotion} 38. Ke3 {[%emt 0:05:19] [#]} (38. bxc4 b3) 38... Bxb3 $1 {[%emt 0:00:16][%mdl 576] Promotion} 39. Kd3 (39. f4 Bxa2) 39... Bxa2 {[%emt 0:00:12] Black mates.} 40. f4 Bb3 41. Kd2 h6 {[%emt 0:01:22] Black used his chance. Excellently played by Lee!   Weighted Error Value: White=0.98/Black=0.18 (very precise)} 0-1

[Event "1000GM Memorial Day NY IM-B 2023"]
[Site "New York"]
[Date "2023.05.27"]
[Round "3.2"]
[White "Ansh M Shah"]
[Black "Nakada, Akira"]
[Result "0-1"]
[ECO "E00"]
[WhiteElo "2171"]
[BlackElo "2321"]
[Annotator "TA"]
[PlyCount "94"]
[EventDate "2023.05.23"]
[EventType "schev"]
[EventCountry "USA"]
[SourceTitle "playchess.com"]
[Source "ChessBase"]
[SourceQuality "1"]
[TimeControl "5400+30"]

1. d4 Nf6 2. c4 e6 3. g3 Bb4+ 4. Nd2 c5 5. a3 Bxd2+ 6. Qxd2 cxd4 7. Nf3 d5 {[%emt 0:00:27] E00: Catalan Bogo-Indian (3 g3 Bb4+).} 8. cxd5 {[%emt 0:00:56] 8.Bg2 gains popularity.} e5 {[%emt 0:00:11][%mdl 64] Decoy} 9. Nxe5 Qxd5 {[%emt 0:00:10] The position is equal.} 10. Nf3 Nc6 11. Bg2 O-O 12. O-O Rd8 {[%emt 0:00:31] [#]} 13. Qg5 $146 ({Predecessor:} 13. Ne1 Qh5 14. Nd3 h6 15. Nf4 Qe5 16. Nd3 Qe7 17. Re1 Bf5 18. Qd1 Re8 19. Bd2 {0-1 Baeumer,L (2238)-Georgescu,L (2278) SUI-chT Switzerland 2022 (7.4)}) 13... Qe6 14. Re1 Ne4 15. Qf4 h6 16. Ne5 Nc5 17. Nxc6 bxc6 18. Bd2 Nb3 {[%emt 0:00:47] Wards off Rac1. And now ...g5 would win.} 19. Rad1 Ba6 20. Be4 Rab8 21. Qf3 (21. Bf5 $11 Qe8 22. Bd3 Bxd3 23. exd3) 21... Re8 $1 $17 22. Bf4 Qxe4 (22... Rb6 $142 23. Bd3 c5) 23. Qxe4 (23. Bxb8 $2 {loses.} Qxf3 24. exf3 Rxb8 $19) 23... Rxe4 24. Bxb8 Bxe2 25. Bxa7 c5 26. f3 Re3 {[%emt 0:03:01] Black is more active.} 27. Kf2 Bxd1 (27... Bxf3 $2 28. Rxd4 (28. Rxe3 Bxd1 29. Re5 Kh7 $18) 28... cxd4 29. Rxe3 dxe3+ 30. Kxf3 $18) 28. Rxd1 Re7 29. Bxc5 {[%emt 0:03:37][%mdl 64] Deflection} Nxc5 30. Rxd4 {[%emt 0:00:08][%mdl 4096] Endgame KRN-KR} Nb3 31. Rb4 Nc1 {[%emt 0:00:49] Strongly threatening ...Nd3+.} 32. Rb8+ Kh7 {[%emt 0:00:01] White must now prevent ...Nd3+.} 33. f4 g5 34. Kf3 Nd3 35. a4 f5 (35... Ne1+ $1 $17 36. Kf2 gxf4 37. gxf4 Re4) 36. fxg5 $15 hxg5 {[%emt 0:00:05] aiming for ...f4.} 37. h3 $2 {[%emt 0:00:46][%mdl 8192] [#] White does not recover from this.} (37. a5 $15) 37... f4 $1 $19 38. gxf4 gxf4 {[%emt 0:00:01] ( -> ...Re3+)} 39. a5 Re3+ {[%emt 0:00:20] Black mates.} 40. Kg4 {[%emt 0:00:14] [#]} f3 $1 41. a6 f2 42. a7 f1=Q 43. Rh8+ Kg7 44. Rg8+ Kxg8 45. a8=Q+ Qf8 46. Qd5+ Kh7 47. Qh5+ Qh6 {[%emt 0:00:07] Weighted Error Value: White=0.31/Black=0.05 (flawless)} 0-1

[Event "1000GM Memorial Day NY IM-B 2023"]
[Site "New York"]
[Date "2023.05.27"]
[Round "3.3"]
[White "Espinosa, Pedro"]
[Black "Pang, Qi"]
[Result "1/2-1/2"]
[ECO "D13"]
[WhiteElo "2229"]
[BlackElo "2165"]
[Annotator "TA"]
[PlyCount "78"]
[EventDate "2023.05.23"]
[EventType "schev"]
[EventCountry "USA"]
[SourceTitle "playchess.com"]
[Source "ChessBase"]
[SourceQuality "1"]
[TimeControl "5400+30"]

1. d4 d5 2. c4 c6 3. cxd5 cxd5 4. Bf4 Nc6 5. e3 Nf6 6. Nc3 a6 7. Be2 {[%emt 0:00:23] now supersedes 7.Bd3.} Bf5 8. Nf3 e6 9. Qb3 {[%emt 0:00:18] D13: Slav Defence: Exchange variation without ...Bf5.} Bd6 10. Bxd6 (10. Qxb7 Na5 $15) 10... Qxd6 11. Qxb7 {[%emt 0:00:33] White is slightly better.} O-O ({Not} 11... Rb8 12. Qxa6 O-O 13. O-O $16) 12. Qb3 $1 (12. Bxa6 $2 {perishes.} Rab8 $19) 12... Rfb8 13. Qa3 Nb4 {[%emt 0:05:31] Threatens to win with ...Nc2+.} 14. O-O Qd8 15. Ne1 Qc7 {[%emt 0:05:47] [#]} (15... a5 $142) 16. Rc1 $1 $16 a5 17. Qa4 Qb6 18. Qd1 Ne4 19. Nxe4 (19. Na4 $16 Qd6 20. a3) 19... Bxe4 $14 20. Qa4 h6 21. Rc5 {[%emt 0:02:19] [#] Black must now prevent a3.} Rc8 $146 ({Predecessor:} 21... e5 22. Nf3 exd4 23. exd4 Nd3 24. Bxd3 Bxd3 25. Re1 Be4 26. Qa3 Qb4 27. Qc3 Qxc3 28. bxc3 a4 29. Ne5 a3 {0-1 Nikolic,P (2606)-Van Foreest,J (2541) NED-chT 1516 2015 (6.5)}) 22. a3 Na2 23. Rxc8+ ({Better is} 23. Qb5 $16 Qxb5 24. Bxb5) 23... Rxc8 $11 24. Nd3 Bxd3 $1 25. Bxd3 Qxb2 26. Qxa5 Qc3 27. Qa6 Rc6 {[%emt 0:04:57] [#]} (27... Nc1 $11 {keeps the balance.} 28. Bb5 Nb3) 28. Rb1 Nb4 29. Qa8+ ({Much weaker is} 29. axb4 Rxa6 30. Bxa6 Qc2 $17) 29... Rc8 30. Qxc8+ Qxc8 31. axb4 {[%emt 0:00:04][%mdl 4096] Endgame KQ-KRB} Qc3 32. Bf1 Qc2 33. Ra1 g5 34. b5 Qb2 35. Ra8+ Kg7 36. h3 Qb1 37. Rb8 h5 38. b6 h4 {[%emt 0:00:15][%mdl 1024] Black has compensation.} 39. b7 (39. Rb7 $1 $15) 39... Qb6 {[%emt 0:00:30] Weighted Error Value: White=0.16 (very precise) /Black=0.08 (flawless)} (39... Kf6 $17 40. g3 hxg3 41. fxg3 Qb6) 1/2-1/2

[Event "1000GM Memorial Day NY IM-B 2023"]
[Site "New York"]
[Date "2023.05.27"]
[Round "3.4"]
[White "Chen, Justin"]
[Black "Barbosa, Oliver"]
[Result "1-0"]
[ECO "D12"]
[WhiteElo "2333"]
[BlackElo "2492"]
[Annotator "TA"]
[PlyCount "77"]
[EventDate "2023.05.23"]
[EventType "schev"]
[EventCountry "USA"]
[SourceTitle "playchess.com"]
[Source "ChessBase"]
[SourceQuality "1"]
[TimeControl "5400+30"]

1. d4 d5 2. c4 c6 3. Nf3 Nf6 4. e3 Bf5 5. Nc3 e6 6. Nh4 Be4 7. f3 Bg6 8. Qb3 Qc7 9. cxd5 {[%emt 0:00:06] D12: Slav Defence: 3 Nf3 Nf6 4 e3 Bf5.} cxd5 10. Nxg6 hxg6 11. Bd2 {[%emt 0:00:03] The position is equal.} Nc6 12. O-O-O a6 13. Kb1 Bd6 {[%emt 0:01:21] [#]} (13... Rxh2 $2 14. Rxh2 O-O-O 15. Rh1 $18) 14. h4 $146 ({Predecessor:} 14. Rc1 Kf8 15. Qd1 Bb4 16. Bd3 Bxc3 17. Bxc3 Rxh2 18. e4 Qg3 19. e5 Nh5 20. Qb3 Rxh1 21. Rxh1 Qxg2 22. Rxh5 gxh5 23. Qxb7 {0-1 Goganov,A (2581)-Demidov,M (2523) Anapa Sea Harbor Cup Blitz 2021 (12)}) 14... O-O 15. Rc1 b5 16. Qd1 Qb6 17. g4 Rfc8 18. h5 Na5 $2 (18... gxh5 $14 19. g5 Nd7) 19. hxg6 $18 fxg6 20. Bd3 Kf7 21. Qe2 (21. Qc2 $18) 21... Nc4 $16 22. f4 b4 23. Na4 Qb5 24. b3 {[%emt 0:03:59] aiming for Nc5.} Ne4 {[%emt 0:00:11] And now ...Ng3 would win.} 25. bxc4 Qxa4 26. Bxe4 b3 {[%emt 0:01:15][%csl Gb3][%cal Ra4a2] [#] Inhibits Bc2.} 27. Bc3 $1 (27. cxd5 $2 Qxa2#) (27. Bxg6+ Kxg6 28. f5+ (28. Qd3+ $2 Kf7 $19) 28... exf5 29. gxf5+ Kf6 $17) 27... Rab8 (27... dxe4 $142 28. c5 Be7) 28. cxd5 Ba3 {[%emt 0:01:47] [#]} 29. dxe6+ (29. d6 $1 $16) 29... Ke7 30. f5 Bxc1 $4 (30... gxf5 $14 31. Bxf5 (31. gxf5 bxa2+ 32. Ka1 Rb1+ {[%mdl 64] Decoy} 33. Bxb1 axb1=Q+ 34. Kxb1 Rb8+ $11) 31... bxa2+ 32. Ka1 Rb1+ {[%mdl 64] Decoy} 33. Bxb1 axb1=N 34. Kxb1 (34. Bb4+ $2 Bxb4+ {[%mdl 64] Discovered Attack} 35. Qa2 Bc3+ 36. Rxc3 Qxa2+ 37. Kxa2 Nxc3+ 38. Kb3 Nd5 $19) 34... Rb8+ 35. Bb2 Rxb2+ 36. Qxb2 Bxb2 37. Kxb2 Qb5+ 38. Kc3 Qe2) 31. Rxc1 $18 bxa2+ 32. Ka1 Rb3 33. Bb2 (33. Qxa2 Qxa2+ 34. Kxa2 Rcxc3 $19) (33. Bb4+ $2 Qxb4 34. Qe1 (34. Rxc8 $2 Rb1+ {[%mdl 64] Back Rank}) (34. f6+ gxf6 35. Qd1 Qa3 {[%mdl 64] Double Attack} 36. Rc2 Rb1+) 34... Rb1+ 35. Rxb1 (35. Bxb1 $2 axb1=Q+ 36. Rxb1 Qa3#) 35... axb1=Q+ 36. Qxb1 Qa3+ 37. Qa2 Qxe3 $19) 33... Rxc1+ 34. Bxc1 Qb4 35. Bb2 (35. Qxa6 $2 {leads to mate.} Rb1+) ({Worse is} 35. Qxa2 Qc3+ 36. Bb2 Qe1+ 37. Bb1 Qb4 $11) 35... a5 36. Bd5 (36. Qh2 $142 Qe1+ 37. Kxa2 Rxb2+ 38. Kxb2 Qb4+ 39. Kc2 Qc4+ 40. Kd2 Qb4+ 41. Kd1 Qa4+ 42. Bc2) 36... a4 37. Bxb3 (37. Qh2 $142 Qe1+ 38. Kxa2 Rxb2+ 39. Qxb2 Qxe3 40. g5 Kd6 41. Bc4 Kc7 42. f6) 37... Qxb3 38. Qe1 a3 39. Bc3 {[%emt 0:00:02] Ingenious play by Chen!   Weighted Error Value: White=0.13 (very precise) /Black=0.97} 1-0

[Event "1000GM Memorial Day NY IM-B 2023"]
[Site "New York"]
[Date "2023.05.27"]
[Round "3.5"]
[White "Nagy, Gabor"]
[Black "Luo, Terry"]
[Result "1/2-1/2"]
[ECO "E64"]
[WhiteElo "2468"]
[BlackElo "2321"]
[Annotator "TA"]
[PlyCount "50"]
[EventDate "2023.05.23"]
[EventType "schev"]
[EventCountry "USA"]
[SourceTitle "playchess.com"]
[Source "ChessBase"]
[SourceQuality "1"]
[TimeControl "5400+30"]

1. c4 Nf6 2. Nc3 g6 3. g3 Bg7 4. Bg2 O-O 5. d4 d6 6. Nf3 c5 7. dxc5 dxc5 8. Qxd8 Rxd8 9. Ne5 {[%emt 0:00:18] Dodges Nc6. E64: King's Indian: Fianchetto: 6...c5 7 d5.} Nfd7 (9... Ne8 $5 10. Nd3 Nc6 $11) 10. Nd3 Nc6 11. Be3 Nb6 12. Bxc5 Nxc4 {[%emt 0:00:30] [#]} 13. Rc1 $146 ({Predecessor:} 13. O-O-O Bd7 14. Nb4 Nxb4 15. Bxb4 Bc6 16. Bxc6 bxc6 17. Rxd8+ Rxd8 18. Bxe7 Rb8 19. Nd1 {1-0 Lagarde,M (2505)-Kirk,E (2216) Creon op 17th 2012 (6)}) 13... Bf5 14. Nb4 Nxb2 (14... Nxb4 $15 15. Bxb4 Bh6) 15. Ncd5 $1 $11 {[%emt 0:00:09] Black must now prevent Nxc6.} Rd7 16. O-O (16. Nxc6 $11 {was the only way to keep the balance.} bxc6 17. Nxe7+ Rxe7 18. Bxe7) 16... Nxb4 (16... Nd4 $17 17. Rfe1 e6 18. Ne7+ Kh8) 17. Bxb4 $15 Be6 18. Nc7 {[%emt 0:07:02] The position is equal.} ({But not} 18. Nxe7+ Kh8 $17) 18... Rc8 19. Nxe6 (19. Bxb7 $2 {is the wrong capture.} Rcxc7 20. Bc8 Rxc1 21. Rxc1 Rd4 22. Bxe6 Rxb4 $19) 19... Rxc1 20. Rxc1 {[%emt 0:00:12] [#] Threatening mate with Rc8+.} fxe6 21. Rc8+ Kf7 22. Bf3 Na4 23. Rb8 Nc3 24. Bxc3 Bxc3 25. Rxb7 Rxb7 {[%emt 0:00:03] Weighted Error Value: White=0.17 (very precise) /Black=0.21 (precise)} 1/2-1/2